 Dungeon Crawl Stone Soup version 0.30.1-11-g7821555f0a (webtiles) character file.

Game seed: 17427148089486432503

681 QuoteXIII the Ruffian (level 7, -1/56 HPs)
             Began as a Pale Draconian Transmuter on Nov 4, 2023.
             Succumbed to a gnoll's poison
             ... on level 6 of the Dungeon.
             The game lasted 00:09:06 (4362 turns).

QuoteXIII the Ruffian (Pale Draconian Transmuter)   Turns: 4362, Time: 00:09:06

Health: -1/56      AC:  6    Str: 15    XL:     7   Next: 34%
Magic:  9/10       EV: 18    Int: 13    God:
Gold:   168        SH:  0    Dex: 11    Spells: 9/10 levels left

rFire   x .          .
                       - Unarmed
rCold   + . .        (no shield)
rNeg    . . .        (body armour unavailable)
rPois   .            (helmet currently unavailable)
rElec   .            (no cloak)
rCorr   .            (no gloves)
SInv    .            (boots currently unavailable)
Will    .....        e - amulet of regeneration
Stlth   ++           r - ring of ice
HPRegen 1.09/turn    u - +5 ring of evasion
MPRegen 0.12/turn

%: no passive effects
@: lethally poisoned (-1 -> -11), appendages (expiring)
A: horns 2, talons 2, breathe steam, AC +6, unfitting armour, cold-blooded,
steam resistance
a: Breathe Steam, End Transformation


You were on level 6 of the Dungeon.
You had temporarily grown beastly horns and talons.
You visited 1 branch of the dungeon, and saw 6 of its levels.

You collected 168 gold pieces.

Inventory:

Hand Weapons
 s - a +0 dagger of protection
 J - a +0 short sword
 K - a +2 dagger of venom
 L - a +0 mace
Missiles
 d - 38 stones
 t - 3 large rocks
 H - a throwing net
Armour
 h - a +0 scale mail
 C - a +0 leather armour
Magical Staves
 I - a staff of earth
Jewellery
 e - an amulet of regeneration (around neck)
 r - a ring of ice (left hand)
 u - a +5 ring of evasion (right hand)
 x - a ring of poison resistance
 E - a ring of positive energy
Wands
 v - a wand of charming (19)
 y - a wand of digging (2)
Scrolls
 b - 5 scrolls of identify {unknown}
 f - a scroll of vulnerability {unknown}
 i - a scroll of teleportation {unknown}
 k - 4 scrolls of enchant weapon {unknown}
 m - a scroll of magic mapping {unknown}
 n - 2 scrolls of poison {unknown}
 o - 2 scrolls of fog {unknown}
 p - a scroll of fear {unknown}
 q - 2 scrolls of blinking {unknown}
 w - a scroll of immolation {unknown}
 D - a scroll of acquirement {unknown}
Potions
 a - 5 potions of lignification
 c - 4 potions of magic {unknown}
 g - 3 potions of curing {unknown}
 j - a potion of brilliance {unknown}
 l - a potion of haste {unknown}
 z - 2 potions of ambrosia {unknown}
 A - a potion of degeneration {unknown}
 B - 2 potions of mutation {unknown}
 F - a potion of heal wounds {unknown}
 G - a potion of attraction {unknown}


   Skills:
 + Level 2.5 Fighting
 + Level 4.1 Dodging
 + Level 3.0 Stealth
 + Level 6.1 Unarmed Combat
 + Level 2.2 Spellcasting
 + Level 2.2 Transmutations


You had 9 spell levels left.
You knew the following spells:

 Your Spells              Type           Power      Damage    Failure   Level
a - Beastly Appendage     Tmut           14%        N/A       10%         1

Your spell library contained the following spells:

 Spells                   Type           Power      Damage    Failure   Level
 Wereblood                Tmut           7%         N/A       16%         2
 Poisonous Vapours        Pois/Air       2%         N/A       36%         2
 Spider Form              Tmut/Pois      4%         N/A       43%         3
 Mephitic Cloud           Conj/Pois/Air  1%         N/A       58%         3
 Portal Projectile        Hex/Tloc       2%         N/A       58%         3
 Tukima's Dance           Hex            1%         N/A       58%         3
 Ice Form                 Ice/Tmut       6%         N/A       83%         4
 Blade Hands              Tmut           3%         N/A       95%         5
 Freezing Cloud           Conj/Ice/Air   1%         6-21      100%        5


Dungeon Overview and Level Annotations

Branches:
Dungeon (6/15)
 Temple: D:4-7

Altars:
Elyvilon


Innate Abilities, Weirdness & Mutations

You have temporarily grown beastly horns and talons.
You can breathe blasts of scalding, opaque steam.
Your pale cyan-grey scales are hard. (AC +6)
You cannot fit into any form of body armour.
You are cold-blooded and may be slowed by cold attacks.
You are immune to the effects of steam.


Message History

You see here a throwing net.
You feel very sick.
Casting: Beastly Appendage (safe; 10% risk of failure)
Confirm with . or Enter, or press ? or * to list all spells.
You grow a pair of large bovine horns.
Your feet morph into talons.
You feel very sick. The gnoll misses you.
There are monsters nearby!
You are too injured to fight recklessly!
Your transformation is almost over.
You feel sick.
The gnoll hits you with a +1 spear of venom.
You are more poisoned.
The gnoll hits you but does no damage.
You see here a throwing net.
You barely miss the gnoll. You claw the gnoll. You headbutt the gnoll.
The gnoll is heavily wounded.
You feel very sick. The gnoll closely misses you. The gnoll misses you.
You hit the gnoll but do no damage. Your kick misses the gnoll.
You headbutt the gnoll.
The gnoll is almost dead.
You feel very sick. The gnoll barely misses you. The gnoll closely misses you.
You hit the gnoll. You headbutt the gnoll.
You kill the gnoll!
You feel sick.
The gnoll hits you with a +1 spear of venom.
* * * LOW HITPOINT WARNING * * *
You are more poisoned.
You feel very sick.
The gnoll hits you with a +1 spear of venom.
* * * LOW HITPOINT WARNING * * *
You are more poisoned.
Things that are here:
a +0 spear; a +0 hand axe; a +0 ring mail You closely miss the gnoll.
Your headbutt misses the gnoll. You tail-slap the gnoll.
The gnoll is heavily wounded.
You die...

### # # ..# .. #.
#.# ...# #.## #.#
...#
####...###.##...##
.....>.@(.........
.## #
.###.#)g##.##..##
#... # #..##.##..#
#.. # #......#..#
#.....
....###.....# #.#
.. .... ###.#.#
#.##.. ....
#...####.#...
?....
##.......#.#.
......
##.####.#...


You could see a gnoll.

Vanquished Creatures
  A black bear (D:5)
  2 ogres
  Blork the orc (D:4)
  A hound (D:5)
  A jelly (D:5)
  An orc priest (D:6)
  2 iguanas
  7 gnolls
  7 adders
  A white imp (D:5)
  An ufetubus (D:5)
  A worm (D:2)
  2 dart slugs
  7 orcs
  2 bats
  5 endoplasms
  3 giant cockroaches
  4 hobgoblins
  7 jackals
  2 quokkas
  7 ball pythons
  2 frilled lizards
  7 goblins
  6 kobolds
  A rat (D:3)
81 creatures vanquished.

Notes
Turn   | Place    | Note
-------+----------+-------------------------------------------
     0 | D:1      | QuoteXIII the Draconian Transmuter began the quest for the
                  | Orb.
     0 | D:1      | Reached XP level 1. HP: 16/16 MP: 3/3
   198 | D:1      | Reached XP level 2. HP: 22/23 MP: 5/5
  1072 | D:2      | Reached XP level 3. HP: 28/28 MP: 6/6
  1675 | D:3      | Reached skill level 4 in Unarmed Combat
  1675 | D:3      | Reached XP level 4. HP: 22/36 MP: 7/7
  1955 | D:3      | Found a white marble altar of Elyvilon.
  2332 | D:4      | Noticed Blork the orc
  2342 | D:4      | Killed Blork the orc
  2343 | D:4      | Reached skill level 1 in Stealth
  2343 | D:4      | Reached XP level 5. HP: 9/42 MP: 8/8
  3038 | D:5      | Entered Level 5 of the Dungeon
  3115 | D:5      | Reached XP level 6. HP: 49/49 MP: 9/9
  3204 | D:5      | Reached skill level 5 in Unarmed Combat
  3646 | D:5      | Your scales start taking on a pale cyan-grey colour.
  3646 | D:5      | Reached XP level 7. HP: 56/56 MP: 10/10
  3646 | D:5      | Gained mutation: You are immune to the effects of steam.
                  | [Pale Draconian growth]
  3946 | D:5      | Identified the +0 leather armour "Loczys" {rElec rPois
                  | rF+++ rC-}
  4332 | D:6      | Reached skill level 6 in Unarmed Combat
  4361 | D:6      | HP: 2/56 [gnoll/+1 spear of venom (6)]
  4362 | D:6      | Succumbed to a gnoll's poison

Illustrated notes

Levels and vault maps discovered:
D:1:      dpeg_arrival_three_same_balls, layout_basic
D:2:      layout_basic, minmay_misc_feat_plants
D:3:      layout_basic, elyvilon_altar_3
D:4:      layout_loops_cross, kennysheep_generic_room_12, uniq_blork_the_orc
D:5:      layout_layer_cave
D:6:      layout_basic, mainiacjoe_overflow_alcove_2, gammafunk_ghost_arena,
          kennysheep_big_empty_room, uniq_pikel

Skill      XL: |  1  2  3  4  5  6  7 |
---------------+----------------------+-----
Dodging        | 2 3 4 |  4.1
Unarmed Combat | 4 5 6 |  6.1
Fighting       | 2 |  2.5
Stealth        | 1 2 3 |  3.0
Spellcasting   | |  2.2
Transmutations | |  2.2

Action                     |  1- 3 |  4- 6 |  7- 9 || total
---------------------------+-------+-------+-------++-------
  Melee: Unarmed           |   191 |   131 |    65 ||   387
         Tailslap          |    24 |    26 |    11 ||    61
         Punch             |     2 |     6 |     4 ||    12
         Headbutt          |       |     3 |     3 ||     6
         Kick              |       |     2 |     1 ||     3
   Cast: Beastly Appendage |       |     2 |     1 ||     3
   Stab: Sleeping          |     4 |     1 |       ||     5
 Armour: Skin              |    51 |    27 |    19 ||    97
  Dodge: Dodged            |   120 |   109 |   115 ||   344
